 Dungeon Crawl Stone Soup version bcrawl-1.37.2 (webtiles) character file.

Game seed: 15119902585420481132

52955 Leeroy the Charmwright (level 1, -3/16 HPs)
             Began as a Vampire Skald on Feb 11, 2023.
             Slain by a kobold
             ... wielding a cursed +0 whip
              (4 damage)
             ... on level 2 of the Dungeon.
             The game lasted 00:00:30 (792 turns).

Leeroy the Charmwright (Vampire Skald)               Turns: 792, Time: 00:00:30

Health: -3/16      AC:  4    Str: 14    XL:     1   Next: 66%
Magic:  3/3        EV: 12    Int: 13    God:
Gold:   111        SH:  0    Dex: 12    Spells: 3/4 levels left

rFire    . . .     GDR:     25% a - +0 long sword
rCold    . . .     SeeInvis +   (no shield)
rNeg     + . .     Gourm    .   b - +0 leather armour
rPois    .         Faith    .   (no helmet)
rElec    .         Spirit   .   (no cloak)
rCorr    .         Reflect  .   (no gloves)
MR       .....                  c - +0 pair of boots
Stlth    ++........             d - amulet of magic regeneration
HPRegen  0.12/turn              (no ring)
MPRegen  0.12/turn              (no ring)

@: no status effects
A: claws 1, fangs 3, see invisible, unbreathing
a: no special abilities


You were on level 2 of the Dungeon.
You were not thirsty.

You visited 1 branch of the dungeon, and saw 2 of its levels.

You collected 111 gold pieces.

Inventory:

Hand Weapons
 a - a +0 long sword (weapon)
Armour
 b - a +0 leather armour (worn)
 c - a +0 pair of boots (worn)
 g - a +0 pair of gloves
Jewellery
 d - an amulet of magic regeneration (around neck)
Scrolls
 e - a scroll of fear
 f - a scroll of teleportation {unknown}
 h - a scroll of fog {unknown}
 j - a scroll of remove curse {unknown}
Potions
 i - a potion of heal wounds {unknown}
 q - a potion of blood


   Skills:
 - Level 1.7 Fighting
 + Level 3.1 Long Blades
 - Level 0.8 Armour
 - Level 2.1 Dodging
 - Level 2.0 Spellcasting
 - Level 3.2 Charms


You had 3 spell levels left.
You knew the following spells:

 Your Spells              Type           Power        Failure   Level  Hunger
a - Infusion              Chrm           #.......     9%          1    None

Your spell library contained the following spells:

 Spells                   Type           Power        Failure   Level  Hunger
 Song of Slaying          Chrm           #.......     12%         2    ##.....
 Swiftness                Chrm/Air       #.......     24%         2    ##.....
 Ozocubu's Armour         Chrm/Ice       #.......     43%         3    ####...
 Regeneration             Chrm/Necr      #.........   43%         3    ####...
 Spectral Weapon          Hex/Chrm       #.......     43%         3    ####...


Dungeon Overview and Level Annotations

Branches:
Dungeon (2/12)

Altars:


Innate Abilities, Weirdness & Mutations

You have sharp fingernails.
You have razor-sharp teeth.
You have supernaturally acute eyesight. (SInv)
You can survive without breathing.


Message History

The kobold closely misses you. The kobold hits you with a +0 dagger.
You hit the kobold but do no damage. The hobgoblin hits you with a +0 club.
The kobold hits you with a cursed +0 whip.
The kobold hits you with a +0 dagger.
* * * LOW HITPOINT WARNING * * *
You are too injured to fight recklessly!
You are too injured to fight recklessly!
You are too injured to fight recklessly!
You are too injured to fight recklessly!
You are too injured to fight recklessly!
You closely miss the kobold. The hobgoblin closely misses you.
The kobold closely misses you.
The kobold hits you with a cursed +0 whip.
* * * LOW HITPOINT WARNING * * *
You closely miss the hobgoblin.
You bite the hobgoblin, but do no damage.
The kobold barely misses you. The hobgoblin closely misses you.
The kobold hits you but does no damage.
The kobold hits you with a cursed +0 whip.
You die...

#######.##
.........##
########..#
############.#
≈≈≈≈≈≈≈≈≈≈≈#.#
≈..........'.#
≈.........≈###
≈......)..≈#
≈.....K@.†≈#
≈....♣KgK.≈#
≈....(....≈#
≈.........≈#
≈.........≈#
≈.........≈#
..........≈#
≈≈≈≈≈≈≈≈≈≈≈#


You could see a hobgoblin and 3 kobolds.

Vanquished Creatures
  2 goblins (D:2)
  A hobgoblin (D:1)
  A bat (D:1)
  2 rats
6 creatures vanquished.

Notes
Turn   | Place    | Note
-------+----------+-------------------------------------------
     0 | D:1      | Leeroy the Vampire Skald began the quest for the Orb.
     0 | D:1      | Reached XP level 1. HP: 16/16 MP: 3/3
   792 | D:2      | Slain by a kobold

Skill      XL: |  1 |
---------------+----+-----
Long Blades    | 3 |  3.1
Fighting       | |  1.7
Armour         | |  0.8
Dodging        | |  2.1
Spellcasting   | |  2.0
Charms         | |  3.2

Action                   || total
-------------------------++-------
Melee: Long sword        ||    12
       Bite              ||     2
 Stab: Sleeping          ||     1
  Eat: Corpse            ||     2
Armor: Leather armour    ||     4
Dodge: Dodged            ||    12
